 Dungeon Crawl Stone Soup version 0.30-a0-322-g102857c98e (webtiles) character file.

Game seed: 10768987182614004592

144 billz999 the Skirmisher (level 5, -5/43 HPs)
             Began as a Gnoll Hunter on Oct 28, 2022.
             Slain by Duvessa
             ... wielding a +0 short sword
              (7 damage)
             ... on level 4 of the Dungeon.
             The game lasted 00:04:23 (2795 turns).

billz999 the Skirmisher (Gnoll Hunter)              Turns: 2795, Time: 00:04:23

Health: -5/43      AC:  5    Str: 10    XL:     5   Next: 27%
Magic:  7/7        EV: 12    Int:  9    God:
Gold:   177        SH:  0    Dex: 17    Spells: 7/7 levels left

rFire   + . .      SeeInvis .    a - +0 shortbow
rCold   x . .      Faith    .    (shield currently unavailable)
rNeg    . . .      Spirit   .    o - +0 ring mail
rPois   .          Reflect  .    (no helmet)
rElec   .          Harm     .    (no cloak)
rCorr   +          Rampage  .    (no gloves)
Will    .....                    (no boots)
Stlth   ++........               (no amulet)
HPRegen 0.27/turn                n - ring of fire
MPRegen 0.10/turn                p - ring of resist corrosion

@: about to teleport, flying
A: fangs 1, strong nose, distributed training
a: no special abilities


You were on level 4 of the Dungeon.
You visited 1 branch of the dungeon, and saw 4 of its levels.

You collected 177 gold pieces.

Inventory:

Hand Weapons
 a - a +0 shortbow (weapon)
Missiles
 h - 11 poisoned darts
 q - 3 datura-tipped darts
Armour
 c - a +0 leather armour
 o - a +0 ring mail (worn)
Jewellery
 n - a ring of fire (left hand)
 p - a ring of resist corrosion (right hand)
Scrolls
 b - a scroll of immolation
 d - a scroll of teleportation
 e - a scroll of fear {unknown}
 f - a scroll of poison {unknown}
 i - a scroll of enchant armour {unknown}
 j - 3 scrolls of identify {unknown}
 k - a scroll of vulnerability {unknown}
 l - 2 scrolls of fog {unknown}
Potions
 m - a potion of haste {unknown}
 r - a potion of cancellation {unknown}


   Skills:
 + Level 4.8 Fighting
 + Level 1.5 Short Blades
 + Level 1.5 Long Blades
 + Level 1.5 Axes
 + Level 1.5 Maces & Flails
 + Level 1.5 Polearms
 + Level 1.5 Staves
 + Level 8.6 Ranged Weapons
 + Level 1.5 Throwing
 + Level 1.5 Armour
 + Level 4.8 Dodging
 + Level 2.8 Stealth
 + Level 1.5 Shields
 + Level 1.5 Unarmed Combat
 + Level 1.5 Spellcasting
 + Level 1.2 Conjurations
 + Level 1.2 Hexes
 + Level 1.2 Summonings
 + Level 1.2 Necromancy
 + Level 1.2 Translocations
 + Level 1.2 Transmutations
 + Level 1.2 Fire Magic
 + Level 1.2 Ice Magic
 + Level 1.2 Air Magic
 + Level 1.2 Earth Magic
 + Level 1.2 Poison Magic
 + Level 1.7 Invocations
 + Level 1.5 Evocations


You had 7 spell levels left.
You didn't know any spells.
Your spell library contained the following spells:

 Spells                   Type           Power      Damage    Failure   Level
 Magic Dart               Conj           8%         1d3       47%         1
 Blink                    Tloc           4%         N/A       63%         2
 Call Imp                 Summ           2%         N/A       63%         2
 Mephitic Cloud           Conj/Pois/Air  2%         N/A       85%         3
 Portal Projectile        Hex/Tloc       4%         N/A       85%         3
 Tukima's Dance           Hex            2%         N/A       85%         3
 Manifold Assault         Tloc           2%         N/A       99%         4
 Blade Hands              Tmut           1%         N/A       100%        5
 Storm Form               Tmut/Air       1%         N/A       100%        7


Dungeon Overview and Level Annotations

Branches:
Dungeon (4/15)
 Temple: D:4-7

Altars:
Ru

Annotations:
D:4 Dowan, Duvessa, Edmund


Innate Abilities, Weirdness & Mutations

You have very sharp teeth.
Your uncanny sense of smell can sniff out nearby items.
Your experience applies equally to all skills.


Message History

The arrow hits the endoplasm!
You kill the endoplasm!
You shoot an arrow. The arrow barely misses Duvessa.
Duvessa shouts!
Dowan shouts!
Duvessa hits you with a +0 short sword.
You shoot an arrow. The arrow hits Duvessa.
Duvessa is lightly wounded.
Duvessa hits you with a +0 short sword.
You shoot an arrow. The arrow closely misses Duvessa.
Dowan says, "My weaknesses are her strengths!"
Dowan gestures wildly while chanting.
Dowan blinks!
Duvessa barely misses you.
Duvessa gestures with her weapon.
Duvessa hits you with a +0 short sword.
You shoot an arrow. The arrow hits Duvessa.
Duvessa is moderately wounded.
Duvessa closely misses you.
You shoot an arrow. The arrow hits Duvessa.
Duvessa is moderately wounded.
Dowan gestures at Duvessa while chanting.
Duvessa seems to speed up.
Duvessa closely misses you.
You shoot an arrow.
The arrow hits Duvessa but does no damage.
Duvessa is moderately wounded.
Duvessa hits you with a +0 short sword.
Dowan casts a spell.
Dowan blinks!
Duvessa hits you with a +0 short sword!
Dowan gestures wildly while chanting.
Dowan blinks!
Duvessa attacks as you move away! Duvessa hits you with a +0 short sword.
Duvessa hits you with a +0 short sword!
* * * LOW HITPOINT WARNING * * *
It was a potion of flight.
You feel very buoyant.
You fly up into the air.
Duvessa barely misses you.
As you read the scroll of teleportation, it crumbles to dust.
You feel strangely unstable. Duvessa hits you with a +0 short sword!
* * * LOW HITPOINT WARNING * * *
Duvessa hits you with a +0 short sword!
You die...

##### ....#####
........########
####..###........#
#.......)..#####.#
.#..#...##.##
#.######
........##.#
#......# ###..e@.#
######.## ∆
#..#### ##...##
#e§.......
##....[#
#..#......
#.......
#..#..§...
#....... #e..
..... #.......
#### .....
##.....# ....
####...## ....
#......#


You could see Duvessa (fast) and Dowan.

Vanquished Creatures
  A hound (D:4)
  3 adders
  A worm (D:2)
  A dart slug (D:1)
  5 endoplasms
  A giant cockroach (D:2)
  5 hobgoblins
  19 jackals
  10 kobolds
  4 quokkas
  4 ball pythons
  9 bats
  4 frilled lizards
  4 goblins
  7 rats
78 creatures vanquished.

Notes
Turn   | Place    | Note
-------+----------+-------------------------------------------
     0 | D:1      | billz999 the Gnoll Hunter began the quest for the Orb.
     0 | D:1      | Reached XP level 1. HP: 20/20 MP: 1/1
   162 | D:1      | Reached XP level 2. HP: 26/26 MP: 2/2
   504 | D:1      | Reached XP level 3. HP: 31/31 MP: 3/3
   956 | D:2      | Reached skill level 1 in Invocations
  1114 | D:2      | Reached skill level 1 in Short Blades
  1114 | D:2      | Reached skill level 1 in Long Blades
  1114 | D:2      | Reached skill level 1 in Axes
  1114 | D:2      | Reached skill level 1 in Maces & Flails
  1114 | D:2      | Reached skill level 1 in Polearms
  1114 | D:2      | Reached skill level 1 in Staves
  1114 | D:2      | Reached skill level 1 in Throwing
  1114 | D:2      | Reached skill level 1 in Armour
  1114 | D:2      | Reached skill level 1 in Shields
  1114 | D:2      | Reached skill level 1 in Unarmed Combat
  1114 | D:2      | Reached skill level 1 in Spellcasting
  1114 | D:2      | Reached skill level 1 in Evocations
  1169 | D:2      | Reached XP level 4. HP: 38/38 MP: 5/5
  1289 | D:2      | Reached skill level 1 in Conjurations
  1289 | D:2      | Reached skill level 1 in Hexes
  1289 | D:2      | Reached skill level 1 in Summonings
  1289 | D:2      | Reached skill level 1 in Necromancy
  1289 | D:2      | Reached skill level 1 in Translocations
  1289 | D:2      | Reached skill level 1 in Transmutations
  1289 | D:2      | Reached skill level 1 in Fire Magic
  1289 | D:2      | Reached skill level 1 in Ice Magic
  1289 | D:2      | Reached skill level 1 in Air Magic
  1289 | D:2      | Reached skill level 1 in Earth Magic
  1289 | D:2      | Reached skill level 1 in Poison Magic
  2372 | D:3      | Found a sacrificial altar of Ru.
  2560 | D:4      | Noticed Duvessa
  2562 | D:4      | Noticed Dowan
  2622 | D:4      | Reached XP level 5. HP: 41/43 MP: 7/7
  2661 | D:4      | Noticed Edmund
  2795 | D:4      | HP: 2/43 [Duvessa/+0 short sword (7)]
  2795 | D:4      | Slain by Duvessa

Illustrated notes

Levels and vault maps discovered:
D:1:      heliophobic_arrival_glass_houses, layout_basic,
          nicolae_concentric_dashed_squares_wild
D:2:      layout_loops_ring
D:3:      layout_basic, mainiacjoe_overflow_catwalk
D:4:      layout_loops_cross, minmay_temple_entry_arrows, serial_shops,
          nicolae_square_shop, kennysheep_generic_room_4, uniq_robin,
          uniq_edmund, uniq_duvessa

Skill      XL: |  1  2  3  4 |
---------------+-------------+-----
Invocations    | 1 |  1.7
Short Blades   | 1 |  1.5
Long Blades    | 1 |  1.5
Axes           | 1 |  1.5
Maces & Flails | 1 |  1.5
Polearms       | 1 |  1.5
Staves         | 1 |  1.5
Throwing       | 1 |  1.5
Armour         | 1 |  1.5
Shields        | 1 |  1.5
Unarmed Combat | 1 |  1.5
Spellcasting   | 1 |  1.5
Evocations     | 1 |  1.5
Conjurations   | 1 |  1.2
Hexes          | 1 |  1.2
Summonings     | 1 |  1.2
Necromancy     | 1 |  1.2
Translocations | 1 |  1.2
Transmutations | 1 |  1.2
Fire Magic     | 1 |  1.2
Ice Magic      | 1 |  1.2
Air Magic      | 1 |  1.2
Earth Magic    | 1 |  1.2
Poison Magic   | 1 |  1.2
Fighting       | |  4.8
Ranged Weapons | |  8.6
Dodging        | |  4.8
Stealth        | |  2.8

Action                   |  1- 3 |  4- 6 || total
-------------------------+-------+-------++-------
 Fire: Shortbow          |    94 |   109 ||   203
  Use: Scroll            |     1 |     1 ||     2
       Potion            |       |     1 ||     1
Armor: Leather armour    |     2 |     2 ||     4
       Ring mail         |       |    21 ||    21
Dodge: Dodged            |    18 |    40 ||    58

Table legend: (Time is in decaauts)
 A = Elapsed time spent in this place.
 B = Non-inter-level travel time spent in this place.
 C = Inter-level travel time spent in this place.
 D = Time resting spent in this place.
 E = Time spent auto-exploring this place.
 F = Levels seen in this place.
 G = Mean time per level.
                   A        B        C        D        E       F      G
               +--------+--------+--------+--------+--------+-----+--------+
         Total |   2829 |   2569 |    260 |      0 |   2161 |   4 |  707.2 |
       Dungeon |   2829 |   2569 |    260 |      0 |   2161 |   4 |  707.2 |
               +--------+--------+--------+--------+--------+-----+--------+

Top non-repeatable levels by time:
     D:3: 1075 daAuts
     D:1: 937 daAuts
     D:2: 667 daAuts
     D:4: 149 daAuts
